 Dungeon Crawl Stone Soup version 0.28-a0-1518-gbe868bca14 (webtiles) character file.

Game seed: 7615838643869419350

3 fragbeetle the Chopper (level 1, 0/20 HPs)
             Began as a Hill Orc Monk on Jan 16, 2022.
             Slain by a giant cockroach (2 damage)
             ... on level 1 of the Dungeon.
             The game lasted 00:00:14 (51 turns).

fragbeetle the Chopper (Hill Orc Monk)                Turns: 51, Time: 00:00:15

Health: 0/20       AC:  2    Str: 13    XL:     1   Next: 50%
Magic:  1/1        EV: 12    Int: 10    God:
Gold:   0          SH:  0    Dex: 13    Spells: 0/0 levels left

rFire   . . .      SeeInvis .   a - +0 hand axe
rCold   . . .      Faith    .   (no shield)
rNeg    . . .      Spirit   .   b - +0 robe
rPois   .          Reflect  .   (no helmet)
rElec   .          Harm     .   (no cloak)
rCorr   .          Rampage  .   (no gloves)
Will    .....                   (no boots)
Stlth   ++........              (no amulet)
HPRegen 0.06/turn               (no ring)
MPRegen 0.07/turn               (no ring)

@: no status effects
A: no striking features
a: no special abilities


You were on level 1 of the Dungeon.
You visited 1 branch of the dungeon, and saw 1 of its levels.

Inventory:

Hand Weapons
 a - a +0 hand axe (weapon)
Armour
 b - a +0 robe (worn)


   Skills:
 + Level 3.7 Fighting
 * Level 4.1 Axes
 + Level 2.4 Dodging
 + Level 1.6 Stealth


You couldn't memorise any spells.
You didn't know any spells.
Your spell library was empty.

Dungeon Overview and Level Annotations

Branches:
Dungeon (1/15)

Altars:


Message History

You barely miss the rat. The giant cockroach misses you. The rat misses you.
You barely miss the rat.
The rat is severely wounded.
You hit the giant cockroach but do no damage.
The giant cockroach barely misses you. The rat closely misses you.
You hit the rat.
You kill the rat!
You hit the giant cockroach but do no damage.
The bat misses you. The giant cockroach barely misses you.
The bat barely misses you. The giant cockroach bites you.
You slash the bat!
You kill the bat!
You closely miss the giant cockroach.
The giant cockroach bites you but does no damage.
You barely miss the endoplasm.
You hit the giant cockroach but do no damage.
The giant cockroach closely misses you. The endoplasm closely misses you.
You hit the endoplasm but do no damage.
You hit the giant cockroach but do no damage.
The giant cockroach bites you.
The endoplasm hits you but does no damage.
The giant cockroach misses you.
You barely miss the endoplasm.
You hit the giant cockroach but do no damage.
The endoplasm closely misses you.
The giant cockroach bites you but does no damage.
You hit the endoplasm.
The endoplasm is moderately wounded.
You hit the giant cockroach. The endoplasm hits you.
* * * LOW HITPOINT WARNING * * *
The giant cockroach bites you but does no damage.
You hit the endoplasm but do no damage.
The endoplasm is moderately wounded.
You barely miss the giant cockroach. The giant cockroach bites you.
* * * LOW HITPOINT WARNING * * *
The endoplasm freezes you.
You are frozen.
* * * LOW HITPOINT WARNING * * *
The giant cockroach bites you.
You die...

........8##...#####.#
........##.....# #.#
........###.<.## #.#
........##.....# #.#
.........8##...#####.#
.....................#
.........8############
......#..........
......##@###.###.
##...##JB.......
#....).....$....
#.........######
...............
.........#.####
........##...
........# ##.#
......... ...


You could see an endoplasm and a giant cockroach.

Vanquished Creatures
  A bat (D:1)
  A goblin (D:1)
  A rat (D:1)
3 creatures vanquished.

Notes
Turn   | Place    | Note
-------+----------+-------------------------------------------
     0 | D:1      | fragbeetle the Hill Orc Monk began the quest for the Orb.
     0 | D:1      | Reached XP level 1. HP: 19/19 MP: 1/1
    51 | D:1      | Slain by a giant cockroach

Illustrated notes

Levels and vault maps discovered:
D:1:      psy_arrival_basics, layout_rooms

Action                   || total
-------------------------++-------
Melee: Hand axe          ||    15
Armor: Robe              ||     9
Dodge: Dodged            ||    21

Table legend: (Time is in decaauts)
 A = Elapsed time spent in this place.
 B = Non-inter-level travel time spent in this place.
 C = Inter-level travel time spent in this place.
 D = Time resting spent in this place.
 E = Time spent auto-exploring this place.
 F = Levels seen in this place.
 G = Mean time per level.
                   A        B        C        D        E       F      G
               +--------+--------+--------+--------+--------+-----+--------+
         Total |     52 |     52 |      0 |      0 |     29 |   1 |   52.0 |
       Dungeon |     52 |     52 |      0 |      0 |     29 |   1 |   52.0 |
               +--------+--------+--------+--------+--------+-----+--------+

Top non-repeatable levels by time:
     D:1: 52 daAuts
